12 | 0:00 | Drone | |
13 | 0:11 | Overlord | |
13 | 0:16 | Drone | |
14 | 0:29 | Drone x2 | |
16 | 0:37 | Spawning Pool | |
16 | 0:39 | Drone | |
16 | 0:43 | Drone | |
17 | 1:03 | Hatchery | |
17 | 1:04 | Drone | |
17 | 1:07 | Extractor | |
17 | 1:08 | Drone | |
17 | 1:15 | Drone | |
18 | 1:26 | Drone | |
18 | 1:31 | Queen | |
21 | 1:37 | Overlord | |
21 | 1:48 | Drone | |
22 | 1:58 | Zergling x2 | |
22 | 1:59 | Roach Warren | |
22 | 2:01 | Extractor | |
21 | 2:07 | Queen | |
23 | 2:09 | Drone | |
23 | 2:14 | Drone | |
25 | 2:20 | Drone | |
26 | 2:25 | Drone | |
27 | 2:30 | Overlord | |
27 | 2:36 | Drone | |
28 | 2:38 | Drone x3 | |
28 | 2:42 | Zergling x2 | |
32 | 2:46 | Drone | |
33 | 2:53 | Zergling x2 | |
33 | 2:57 | Zergling x2 | |
34 | 2:59 | Lair | |
34 | 3:03 | Metabolic Boost | |
34 | 3:04 | Roach | |
36 | 3:08 | Roach | |
36 | 3:09 | Drone, Roach x2 | |
43 | 3:16 | Drone | |
43 | 3:19 | Overlord | |
44 | 3:26 | Overlord | |
44 | 3:32 | Zergling x2 | |
44 | 3:38 | Drone x3, Evolution Chamber | |
44 | 3:40 | Drone, Evolution Chamber | |
46 | 3:44 | Drone | |
46 | 3:45 | Drone x2 | |
49 | 3:48 | Drone | |
49 | 3:51 | Drone | |
51 | 3:59 | Overlord | |
51 | 4:01 | Infestation Pit | |
51 | 4:02 | Drone | |
51 | 4:04 | Zerg Missile Weapons Level 1, Spore Crawler | |
51 | 4:05 | Spore Crawler | |
51 | 4:06 | Drone x3, Zerg Ground Armor Level 1, Overseer | |
51 | 4:08 | Queen | |
54 | 4:10 | Drone | |
54 | 4:13 | Drone | |
54 | 4:17 | Drone x2, Overlord | |
57 | 4:21 | Overlord | |
58 | 4:24 | Drone | |
59 | 4:32 | Zergling x2 | |
59 | 4:35 | Roach x2, Zergling x4 | |
66 | 4:39 | Pathogen Glands | |
66 | 4:43 | Overlord | |
66 | 4:46 | Overlord | |
66 | 4:48 | Drone, Roach x2 | |
71 | 4:54 | Roach | |
71 | 4:57 | Infestor | |
75 | 5:03 | Infestor | |
75 | 5:04 | Drone, Extractor, Roach | |
75 | 5:06 | Drone | |
80 | 5:08 | Drone | |
80 | 5:11 | Hydralisk Den | |
80 | 5:13 | Evolution Chamber | |
79 | 5:14 | Extractor | |
79 | 5:15 | Hatchery | |
79 | 5:16 | Drone | |
79 | 5:19 | Drone | |
79 | 5:20 | Drone | |
79 | 5:21 | Drone x2 | |
82 | 5:27 | Drone, Spine Crawler | |
82 | 5:29 | Spine Crawler | |
82 | 5:31 | Drone | |
82 | 5:32 | Drone | |
82 | 5:33 | Drone x2 | |
85 | 5:36 | Ravager | |
85 | 5:38 | Zerg Melee Weapons Level 1 | |
85 | 5:39 | Drone | |
85 | 5:41 | Overlord, Ravager | |
88 | 5:49 | Hydralisk x2, Drone | |
94 | 5:50 | Drone | |
94 | 5:53 | Hydralisk | |
96 | 6:00 | Hydralisk, Baneling Nest | |
96 | 6:01 | Drone, Overlord | |
96 | 6:03 | Hydralisk | |
100 | 6:07 | Spore Crawler | |
100 | 6:09 | Spore Crawler | |
98 | 6:12 | Drone | |
98 | 6:14 | Hydralisk | |
98 | 6:15 | Spine Crawler | |
98 | 6:17 | Hydralisk, Infestor | |
98 | 6:18 | Drone | |
105 | 6:22 | Overlord | |
105 | 6:26 | Hydralisk, Drone | |
105 | 6:29 | Infestor | |
105 | 6:30 | Drone x2 | |
112 | 6:34 | Drone | |
112 | 6:36 | Extractor | |
112 | 6:37 | Drone x2, Zerg Missile Weapons Level 2 | |
114 | 6:42 | Extractor | |
114 | 6:45 | Overlord, Baneling x3 | |
114 | 6:46 | Zergling x4, Roach, Baneling x3 | |
117 | 6:47 | Hatchery, Baneling | |
117 | 6:48 | Baneling, Zergling x2 | |
117 | 6:49 | Zergling x2 | |
117 | 6:51 | Baneling | |
117 | 6:52 | Baneling | |
117 | 6:54 | Baneling | |
118 | 6:55 | Baneling | |
118 | 6:56 | Zergling x2 | |
118 | 6:58 | Drone x2, Zergling x2 | |
118 | 6:59 | Drone x2, Spine Crawler | |
123 | 7:06 | Baneling x2 | |
123 | 7:07 | Overlord, Baneling x2 | |
123 | 7:09 | Drone, Centrifical Hooks | |
123 | 7:10 | Drone | |
123 | 7:15 | Drone, Zergling x4 | |
128 | 7:18 | Drone, Baneling | |
128 | 7:19 | Baneling x3 | |
128 | 7:20 | Drone | |
128 | 7:21 | Drone | |
131 | 7:25 | Zerg Ground Armor Level 2 | |
131 | 7:27 | Drone, Overlord, Zergling x2 | |
133 | 7:30 | Drone, Zergling x2 | |
133 | 7:31 | Neural Parasite | |
133 | 7:32 | Drone | |
133 | 7:37 | Spine Crawler, Zerg Melee Weapons Level 2, Queen | |
135 | 7:40 | Drone, Glial Reconstitution | |
135 | 7:41 | Drone | |
135 | 7:44 | Drone x3, Pneumatized Carapace | |
140 | 7:45 | Spine Crawler | |
140 | 7:48 | Burrow, Spore Crawler | |
140 | 7:51 | Overlord | |
140 | 7:52 | Drone | |
140 | 7:55 | Roach, Zergling x4 | |
140 | 7:56 | Zergling x2 | |
146 | 7:58 | Lurker Den | |
146 | 7:59 | Drone | |
146 | 8:03 | Drone, Roach | |
146 | 8:05 | Drone | |
141 | 8:07 | Baneling | |
141 | 8:09 | Drone | |
141 | 8:10 | Extractor | |
141 | 8:12 | Drone, Zergling x4 | |
142 | 8:13 | Drone, Baneling | |
142 | 8:14 | Drone, Hatchery, Extractor, Baneling x2 | |
142 | 8:17 | Drone, Spore Crawler | |
142 | 8:20 | Drone | |
142 | 8:24 | Spine Crawler, Drone, Roach, Zergling x2 | |
142 | 8:25 | Drone | |
142 | 8:26 | Zergling x2 | |
148 | 8:27 | Overlord | |
148 | 8:29 | Overseer | |
148 | 8:30 | Spire | |
148 | 8:31 | Drone, Overseer | |
148 | 8:35 | Drone | |
148 | 8:36 | Drone, Spine Crawler | |
148 | 8:38 | Spine Crawler, Drone, Hive | |
148 | 8:40 | Hydralisk, Zergling x2 | |
148 | 8:41 | Drone | |
153 | 8:42 | Zergling x2 | |
153 | 8:45 | Drone, Spore Crawler | |
153 | 8:46 | Overlord | |
152 | 8:50 | Drone | |
152 | 8:53 | Drone x2, Roach, Zergling x2 | |
158 | 8:56 | Drone | |
158 | 8:58 | Hydralisk | |
158 | 9:00 | Baneling | |
158 | 9:01 | Spine Crawler, Baneling, Zergling x2 | |
158 | 9:02 | Tunneling Claws | |
161 | 9:03 | Drone | |
161 | 9:06 | Roach x2 | |
161 | 9:07 | Overlord | |
161 | 9:09 | Baneling, Zergling x2 | |
162 | 9:10 | Zergling x2 | |
162 | 9:12 | Roach | |
162 | 9:13 | Zergling x2, Lurker, Roach, Spore Crawler | |
162 | 9:14 | Drone, Baneling | |
162 | 9:15 | Hydralisk, Baneling | |
162 | 9:16 | Zergling x2 | |
162 | 9:17 | Spore Crawler | |
166 | 9:18 | Drone, Spore Crawler | |
166 | 9:19 | Zergling x2 | |
166 | 9:20 | Drone | |
166 | 9:22 | Spore Crawler, Zergling x6 | |
160 | 9:24 | Drone, Roach | |
160 | 9:26 | Roach, Queen | |
160 | 9:29 | Baneling x3 | |
160 | 9:30 | Roach, Baneling | |
160 | 9:31 | Baneling x2 | |
144 | 9:32 | Roach | |
144 | 9:34 | Hydralisk | |
144 | 9:35 | Hatchery, Roach | |
144 | 9:36 | Hydralisk | |
144 | 9:37 | Baneling | |
144 | 9:38 | Infestor, Baneling | |
124 | 9:39 | Drone, Zergling x2 | |
124 | 9:40 | Infestor | |
124 | 9:43 | Zergling x2 | |
124 | 9:44 | Baneling | |
129 | 9:46 | Zergling x2 | |
129 | 9:47 | Mutalisk x2 | |
129 | 9:48 | Mutalisk, Hydralisk | |
129 | 9:49 | Hydralisk, Zergling x2 | |
129 | 9:50 | Zergling x2 | |
129 | 9:51 | Hydralisk | |
129 | 9:52 | Zergling x2, Baneling x2 | |
145 | 9:53 | Zerg Ground Armor Level 3, Adrenal Glands, Ravager, Baneling x3 | |
145 | 9:54 | Zerg Melee Weapons Level 3, Zerg Missile Weapons Level 3, Baneling | |
145 | 9:55 | Roach, Baneling | |
145 | 9:56 | Lurker, Ravager | |
145 | 9:57 | Zergling x2 | |
145 | 9:58 | Roach, Zergling x2 | |
154 | 10:02 | Hydralisk | |
154 | 10:05 | Infestor | |
154 | 10:06 | Viper, Overlord | |
154 | 10:07 | Hydralisk, Overseer | |
161 | 10:08 | Extractor, Overseer | |
161 | 10:10 | Drone, Infestor, Spine Crawler | |
161 | 10:11 | Drone | |
161 | 10:12 | Spine Crawler | |
161 | 10:13 | Drone | |
165 | 10:14 | Extractor | |
165 | 10:16 | Drone | |
165 | 10:18 | Hydralisk, Roach, Zergling x2 | |
165 | 10:19 | Viper, Roach x3 | |
165 | 10:21 | Hydralisk | |
179 | 10:23 | Ravager | |
179 | 10:24 | Roach | |
179 | 10:25 | Overlord | |
179 | 10:27 | Mutalisk | |
187 | 10:28 | Ravager | |
187 | 10:29 | Roach | |
189 | 10:37 | Spine Crawler | |
189 | 10:38 | Roach | |
190 | 10:43 | Drone, Hydralisk, Overlord, Roach | |
190 | 10:44 | Roach | |
190 | 10:47 | Roach | |
199 | 10:51 | Roach | |
199 | 10:54 | Extractor, Queen | |
199 | 10:56 | Drone, Spore Crawler | |
200 | 10:57 | Spore Crawler | |
200 | 10:58 | Drone | |
200 | 11:00 | Drone, Spore Crawler | |
200 | 11:01 | Drone | |
200 | 11:02 | Drone | |
200 | 11:03 | Drone x2, Zergling x2 | |
200 | 11:04 | Mutalisk, Zergling x4 | |
199 | 11:05 | Mutalisk | |
199 | 11:07 | Zergling x4 | |
199 | 11:08 | Mutalisk, Roach, Zergling x2 | |
199 | 11:09 | Roach, Zergling x2 | |
199 | 11:10 | Drone, Roach | |
199 | 11:11 | Hydralisk x2 | |
196 | 11:12 | Zergling x2 | |
196 | 11:15 | Drone, Infestor | |
196 | 11:17 | Infestor, Queen, Roach | |
196 | 11:18 | Extractor | |
198 | 11:19 | Roach | |
198 | 11:20 | Drone | |
198 | 11:21 | Drone x5 | |
198 | 11:22 | Drone x2 | |
198 | 11:23 | Drone | |
199 | 11:28 | Drone | |
199 | 11:31 | Drone | |
199 | 11:32 | Drone | |
198 | 11:35 | Drone | |
198 | 11:36 | Drone x3, Roach | |
198 | 11:37 | Spine Crawler, Drone | |
198 | 11:38 | Drone x2 | |
197 | 11:40 | Drone, Spine Crawler | |
197 | 11:41 | Drone | |
197 | 11:45 | Spine Crawler, Drone | |
197 | 11:46 | Ravager, Baneling | |
197 | 11:47 | Baneling | |
198 | 11:52 | Lurker | |
199 | 12:00 | Spine Crawler, Drone | |
199 | 12:05 | Spine Crawler, Drone | |
199 | 12:07 | Spore Crawler | |
199 | 12:08 | Drone | |
199 | 12:10 | Spine Crawler, Drone | |
199 | 12:11 | Drone | |
199 | 12:12 | Spore Crawler | |
199 | 12:14 | Drone | |
199 | 12:16 | Spine Crawler, Drone | |
199 | 12:18 | Spore Crawler | |
199 | 12:19 | Drone | |
199 | 12:20 | Baneling x6 | |
199 | 12:21 | Drone, Spore Crawler, Baneling x4 | |
199 | 12:22 | Baneling | |
199 | 12:24 | Spine Crawler, Zergling x2 | |
199 | 12:26 | Drone, Spore Crawler | |
199 | 12:28 | Drone, Spore Crawler | |
199 | 12:32 | Drone, Spore Crawler | |
199 | 12:35 | Drone, Spore Crawler | |
199 | 12:40 | Drone | |
199 | 12:41 | Drone | |
199 | 12:43 | Drone, Spore Crawler | |
199 | 12:47 | Drone, Spore Crawler | |
199 | 12:48 | Baneling x2 | |
199 | 12:49 | Drone | |
199 | 12:50 | Zergling x2 | |
199 | 12:51 | Corruptor, Zergling x2 | |
199 | 12:59 | Drone, Roach | |
199 | 13:01 | Drone | |
199 | 13:02 | Hatchery | |
199 | 13:04 | Drone | |
199 | 13:06 | Spine Crawler | |
199 | 13:08 | Drone | |
198 | 13:13 | Drone, Corruptor | |
198 | 13:14 | Drone | |
198 | 13:15 | Zergling x2 | |
198 | 13:16 | Drone, Greater Spire, Zergling x10 | |
198 | 13:17 | Zergling x6 | |
198 | 13:18 | Drone x2, Mutalisk, Zergling x2 | |
198 | 13:20 | Infestor | |
198 | 13:21 | Infestor | |
198 | 13:22 | Hydralisk, Corruptor | |
198 | 13:23 | Infestor, Corruptor | |
198 | 13:24 | Hydralisk | |
197 | 13:30 | Infestor, Spore Crawler | |
198 | 13:36 | Baneling x3 | |
198 | 13:37 | Baneling x5 | |
198 | 13:38 | Baneling x5 | |
198 | 13:39 | Baneling x5 | |
198 | 13:40 | Baneling x2 | |
198 | 14:06 | Roach | |
198 | 14:07 | Hatchery, Drone | |
198 | 14:11 | Hydralisk | |
198 | 14:12 | Hydralisk x3 | |
198 | 14:13 | Roach | |
198 | 14:17 | Drone, Roach x2, Spore Crawler | |
198 | 14:18 | Drone, Zergling x4 | |
198 | 14:19 | Zergling x6 | |
198 | 14:20 | Zergling x4 | |
198 | 14:21 | Mutalisk x2, Zergling x6 | |
198 | 14:22 | Roach, Baneling x2 | |
198 | 14:23 | Hydralisk, Roach | |
198 | 14:24 | Mutalisk, Roach | |
194 | 14:25 | Hydralisk x2, Corruptor | |
194 | 14:26 | Hydralisk, Spore Crawler | |
194 | 14:27 | Drone, Zerg Flyer Weapons Level 1 | |
194 | 14:28 | Hydralisk x2, Roach | |
194 | 14:29 | Infestor x2, Drone, Corruptor, Spore Crawler | |
194 | 14:30 | Hydralisk, Roach | |
197 | 14:32 | Hydralisk | |
197 | 14:33 | Viper x2, Roach x2 | |
197 | 14:35 | Infestor x2 | |
197 | 14:36 | Infestor | |
197 | 14:37 | Roach | |
197 | 14:38 | Roach | |
195 | 14:39 | Hydralisk | |
195 | 14:40 | Hydralisk, Baneling | |
195 | 14:41 | Hydralisk x2 | |
194 | 14:47 | Ravager | |
194 | 14:48 | Ravager | |
196 | 14:56 | Zergling x2 | |
196 | 14:58 | Baneling x5 | |
196 | 14:59 | Zergling x4, Baneling x2 | |
197 | 15:00 | Baneling x5 | |
197 | 15:01 | Baneling x2 | |
197 | 15:05 | Brood Lord | |
199 | 15:11 | Baneling | |
199 | 15:12 | Baneling x3 | |
199 | 15:20 | Spine Crawler | |
198 | 15:22 | Drone, Spine Crawler | |
198 | 15:23 | Drone | |
198 | 15:25 | Spine Crawler | |
198 | 15:26 | Drone | |
199 | 15:30 | Spine Crawler, Hatchery, Brood Lord | |
199 | 15:43 | Spine Crawler, Drone | |
199 | 16:11 | Spore Crawler | |
199 | 16:12 | Drone | |
199 | 16:21 | Spore Crawler | |
199 | 16:22 | Drone | |
199 | 16:23 | Roach | |
199 | 16:27 | Hydralisk x2 | |
199 | 16:28 | Hydralisk | |
199 | 16:33 | Drone, Spore Crawler | |
199 | 16:36 | Drone | |
199 | 16:37 | Drone, Zergling x2 | |
199 | 16:38 | Drone, Zergling x2 | |
199 | 16:39 | Zergling x6 | |
196 | 16:40 | Zergling x6 | |
196 | 16:41 | Zergling x2 | |
196 | 16:43 | Corruptor, Queen | |
196 | 16:44 | Queen, Zergling x2 | |
196 | 16:45 | Corruptor, Roach x2, Spore Crawler | |
196 | 16:46 | Drone, Roach | |
198 | 16:47 | Queen, Roach | |
198 | 16:48 | Spine Crawler, Drone x2 | |
198 | 16:50 | Hydralisk | |
198 | 16:51 | Spine Crawler, Drone, Roach | |
198 | 16:52 | Hydralisk x3, Roach x2 | |
198 | 16:53 | Corruptor | |
198 | 16:54 | Hydralisk, Spine Crawler, Roach | |
197 | 16:55 | Hydralisk x2, Drone | |
197 | 16:57 | Corruptor | |
197 | 16:58 | Drone | |
197 | 16:59 | Drone, Roach | |
196 | 17:02 | Hydralisk x3 | |
195 | 17:09 | Zergling x4 | |